 Dungeon Crawl Stone Soup version 0.29-a0-231-g945431f764 (webtiles) character file.

Game seed: 17021773143674713094

555821 Ijustatesigmund the Evocator (level 26, -2/247 HPs)
             Began as a Hill Orc Fighter on Feb 25, 2022.
             Was the Champion of Cheibriados.
             Slain by a quicksilver dragon (10 damage)
             ... on level 2 of the Realm of Zot on Mar 1, 2022.
             The game lasted 03:07:33 (52506 turns).

Ijustatesigmund the Evocator (Hill Orc Fighter)    Turns: 52506, Time: 03:07:34

Health: -2/247     AC: 39    Str: 42 (43) XL:     26   Next: 47%
Magic:  0/37       EV: 23    Int: 29 (30) God:    Cheibriados [******]
Gold:   3985       SH: 21    Dex: 40 (41) Spells: 24/25 levels left

rFire   + + +      SeeInvis .   B - +6 broad axe (vamp)
rCold   + + .      Faith    .   a - +2 shield of Resistance {rF++ rC++ Will++}
rNeg    . . .      Spirit   .   b - +7 plate armour of the Boiling Point {Dex+6 Slay+3 Stlth+}
rPois   +          Reflect  .   L - +2 helmet {Int+3}
rElec   .          Harm     .   m - +1 cloak of Eternal Vigilance {rPois Regen+ Stlth+}
rCorr   .          Rampage  .   h - +4 pair of gloves of Fuwerous {+Blink Dex+4}
Will    +++..                   p - +0 pair of boots "Gilubbyvuu" {rPois Str+3 Slay+2}
Stlth   +.........              P - amulet of regeneration
HPRegen 2.11/turn               R - ring of protection from fire
MPRegen 0.25/turn               g - ring "Qawen" {Fly Dex+6 Slay+3}

@: about to teleport, flying, slowed, constricted, studying 2 skills, very slow
A: dopey 1, screaming 1
}: 3/15 runes: serpentine, barnacled, silver
a: Renounce Religion, Evoke Blink, Bend Time, Temporal Distortion, Slouch, Step
From Time


You were on level 2 of the Realm of Zot.
You worshipped Cheibriados.
Cheibriados was exalted by your worship.
You visited 9 branches of the dungeon, and saw 45 of its levels.
You visited 1 bazaar.
You also visited: Ossuary, Gauntlet and Ice Cave.

You collected 7307 gold pieces.
You spent 3322 gold pieces at shops.

Inventory:

Hand Weapons
 B - a +6 vampiric broad axe (weapon)
 M - the +10 broad axe of Fogaet {freeze, Will+ SInv}
   (You bought it in a shop on level 2 of the Orcish Mines)

   It freezes those it strikes, dealing additional cold damage.
   It can also slow down cold-blooded creatures.
   SInv:      It lets you see invisible.
   Will:      It increases your willpower.
Missiles
 H - 5 silver javelins (quivered)
Armour
 a - the +2 shield of Resistance (worn) {rF++ rC++ Will++}
   (You found it on level 3 of the Elven Halls)

   rF:        It greatly protects you from fire.
   rC:        It greatly protects you from cold.
   Will:      It greatly increases your willpower.
 b - the +7 plate armour of the Boiling Point (worn) {Dex+6 Slay+3 Stlth+}
   (You found it on level 5 of the Vaults)

   Dex:       It affects your dexterity (+6).
   Slay:      It affects your accuracy & damage with ranged weapons and melee
   (+3).
   Stlth:     It makes you more stealthy.
 h - the +4 pair of gloves of Fuwerous (worn) {+Blink Dex+4}
   (You found it on level 3 of the Shoals)

   Dex:       It affects your dexterity (+4).
   +Blink:    It lets you blink.
 m - the +1 cloak of Eternal Vigilance (worn) {rPois Regen+ Stlth+}
   (You found it on level 8 of the Dungeon)

   rPois:     It protects you from poison.
   Regen:     It increases your rate of health regeneration.
   Stlth:     It makes you more stealthy.
 p - the +0 pair of boots "Gilubbyvuu" (worn) {rPois Str+3 Slay+2}
   (You bought it in a shop on level 1 of the Depths)

   Str:       It affects your strength (+3).
   Slay:      It affects your accuracy & damage with ranged weapons and melee
   (+2).
   rPois:     It protects you from poison.
 C - a +8 tower shield of protection
 L - a +2 helmet of intelligence (worn)
 X - the +0 helmet "Pycaissa" {Drain rF++ Str+4}
   (You found it in a Gauntlet)

   Str:       It affects your strength (+4).
   rF:        It greatly protects you from fire.
   Drain:     It drains your maximum health when unequipped.
Jewellery
 c - a ring of resist corrosion
 g - the ring "Qawen" (right hand) {Fly Dex+6 Slay+3}
   (You found it on level 4 of the Vaults)

   [ring of dexterity]

   Dex:       It affects your dexterity (+6).
   Slay:      It affects your accuracy & damage with ranged weapons and melee
   (+3).
   Fly:       It grants you flight.
 i - a ring of see invisible
 P - an amulet of regeneration (around neck)
 R - a ring of protection from fire (left hand)
 U - the ring of Gidd {rN+ Dex+2}
   (You took it off Boris on level 3 of the Depths)

   [ring of positive energy]

   Dex:       It affects your dexterity (+2).
   rN:        It protects you from negative energy.
 V - a ring of wizardry
 W - a ring of protection from cold
 Z - a +4 ring of evasion
Wands
 d - a wand of flame (14)
 r - a wand of digging (26)
 x - a wand of charming (9)
 y - a wand of paralysis (39)
 z - a wand of iceblast (29)
 A - a wand of acid (5)
 E - a wand of polymorph (40)
 F - a wand of mindburst (19)
Scrolls
 n - 19 scrolls of teleportation
 o - 5 scrolls of summoning
 t - 7 scrolls of silence
 w - 4 scrolls of holy word
 G - 15 scrolls of blinking
 J - 8 scrolls of fear
 K - 12 scrolls of fog
 Q - 4 scrolls of magic mapping
 S - a scroll of brand weapon
 T - 37 scrolls of identify
 Y - 4 scrolls of immolation
Potions
 e - 11 potions of lignification
 f - 8 potions of heal wounds
 j - 6 potions of ambrosia
 l - 4 potions of invisibility
 q - 15 potions of curing
 s - 3 potions of cancellation
 u - 6 potions of magic
 v - 8 potions of brilliance
 D - 4 potions of might
 I - 4 potions of flight
 N - 12 potions of mutation
 O - 4 potions of attraction
Miscellaneous
 k - a condenser vane


   Skills:
 - Level 22.2 Fighting
 - Level 20.8 Axes
 - Level 17.5 Armour
 - Level 13.4 Dodging
 - Level 15.3 Shields
 - Level 9.9 Translocations
 - Level 21.7 Invocations
 + Level 25.0 Evocations


You had 24 spell levels left.
You knew the following spells:

 Your Spells              Type           Power      Damage    Failure   Level
a - Apportation           Tloc           100%       N/A       1%          1

Your spell library contained the following spells:

 Spells                   Type           Power      Damage    Failure   Level
 Gell's Gravitas          Tloc           55%        N/A       3%          3
 Teleport Other           Tloc           55%        N/A       3%          3
 Portal Projectile        Hex/Tloc       56%        N/A       22%         3
 Animate Skeleton         Necr           0%         N/A       50%         1
 Foxfire                  Conj/Fire      0%         2x1d4     50%         1
 Magic Dart               Conj           0%         1d3       50%         1
 Pain                     Necr           0%         1d4       50%         1
 Shock                    Conj/Air       0%         1d3       50%         1
 Slow                     Hex            0%         N/A       50%         1
 Sting                    Tmut/Pois      0%         1d3       50%         1
 Summon Small Mammal      Summ           0%         N/A       50%         1
 Call Imp                 Summ           0%         N/A       63%         2
 Corpse Rot               Necr/Air       0%         N/A       63%         2
 Ensorcelled Hibernation  Hex/Ice        0%         N/A       63%         2
 Passwall                 Tmut/Erth      0%         N/A       63%         2
 Poisonous Vapours        Pois/Air       0%         N/A       63%         2
 Scorch                   Fire           0%         2d5       63%         2
 Searing Ray              Conj           0%         2d4       63%         2
 Static Discharge         Conj/Air       0%         N/A       63%         2
 Sublimation of Blood     Necr           0%         N/A       63%         2
 Wereblood                Tmut           0%         N/A       63%         2
 Dispersal                Tloc           27%        N/A       83%         6
 Call Canine Familiar     Summ           0%         N/A       86%         3
 Confusing Touch          Hex            0%         N/A       86%         3
 Conjure Flame            Conj/Fire      0%         6-21      86%         3
 Ignite Poison            Fire/Tmut/Pois 0%         N/A       86%         3
 Inner Flame              Hex/Fire       0%         N/A       86%         3
 Mephitic Cloud           Conj/Pois/Air  0%         N/A       86%         3
 Ozocubu's Armour         Ice            0%         N/A       86%         3
 Spider Form              Tmut/Pois      0%         N/A       86%         3
 Stone Arrow              Conj/Erth      0%         3d7       86%         3
 Summon Guardian Golem    Hex/Summ       0%         N/A       86%         3
 Swiftness                Air            0%         N/A       86%         3
 Vampiric Draining        Necr           0%         2d6       86%         3
 Airstrike                Air            0%         N/A       99%         4
 Animate Armour           Summ/Erth      0%         N/A       99%         4
 Dispel Undead            Necr           0%         3d6       99%         4
 Flame Wave               Conj/Fire      0%         2d4       99%         4
 Fulminant Prism          Conj/Hex       0%         3d6       99%         4
 Hailstorm                Conj/Ice       0%         3d3       99%         4
 Ice Form                 Ice/Tmut       0%         N/A       99%         4
 Leda's Liquefaction      Hex/Erth       0%         N/A       99%         4
 Olgreb's Toxic Radiance  Pois           0%         N/A       99%         4
 Petrify                  Tmut/Erth      0%         N/A       99%         4
 Sticky Flame             Conj/Fire      0%         2d3       99%         4
 Summon Lightning Spire   Summ/Air       0%         N/A       99%         4
 Agony                    Necr           0%         N/A       100%        5
 Alistair's Intoxication  Tmut/Pois      0%         N/A       100%        5
 Blade Hands              Tmut           0%         N/A       100%        5
 Excruciating Wounds      Necr           0%         N/A       100%        5
 Fireball                 Conj/Fire      0%         3d3       100%        5
 Freezing Cloud           Conj/Ice/Air   0%         6-21      100%        5
 Irradiate                Conj/Tmut      0%         3d14      100%        5
 Lightning Bolt           Conj/Air       0%         1d11      100%        5
 Metabolic Englaciation   Hex/Ice        0%         N/A       100%        5
 Yara's Violent Unravell  Hex/Tmut       0%         3d3       100%        5
 Death Channel            Necr           0%         N/A       100%        6
 Iron Shot                Conj/Erth      0%         9d1       100%        6
 Simulacrum               Ice/Necr       0%         N/A       100%        6
 Starburst                Conj/Fire      0%         6d3       100%        6
 Statue Form              Tmut/Erth      0%         N/A       100%        6
 Enfeeble                 Hex            0%         N/A       100%        7
 Storm Form               Tmut/Air       0%         N/A       100%        7
 Summon Hydra             Summ           0%         N/A       100%        7
 Borgnjor's Revivificati  Necr           0%         N/A       100%        8
 Disjunction              Tloc           27%        N/A       100%        8
 Ignition                 Fire           0%         3d3       100%        8
 Lehudib's Crystal Spear  Conj/Erth      0%         10d2      100%        8
 Maxwell's Capacitive Co  Air            0%         ∞         100%        8
 Necromutation            Tmut/Necr      0%         N/A       100%        8
 Death's Door             Necr           0%         N/A       100%        9
 Polar Vortex             Ice            0%         N/A       100%        9


Dungeon Overview and Level Annotations

Branches:
Dungeon (15/15)            Temple (0/1) D:5            Lair (6/6) D:9
 Shoals (4/4) Lair:2        Snake (4/4) Lair:3        Slime (0/5) Lair:6
    Orc (2/2) D:12            Elf (3/3) Orc:2        Vaults (5/5) D:14
  Crypt (0/3) Vaults:2     Depths (4/4) D:15            Zot (2/5) Depths:4
Ossuary (visited)           IceCv (visited)         Gauntlet (visited)

Altars:
Cheibriados
Dithmenos
Elyvilon
Fedhas
Kikubaaqudgha
Trog
Wu Jian
Xom
Yredelemnul
Beogh
Jiyva
Lugonu

Shops:
D:3 :   D:6 :   D:8 [??   D:10 *   Orc:1 !   Orc:2 (*!((   Shoals:2 :
Snake:2 [(   Snake:4 *?=[   Vaults:3 [   Depths:1 *(=*[*=!=   Depths:3 :=

Portals:
Hell: Depths:1 Depths:2 Depths:3 Depths:4
Abyss: Depths:3
Pandemonium: Depths:2 Depths:3
Ziggurat: Depths:2
Trove: Depths:4 (give 2 scrolls of acquirement)

Annotations:
Lair:3 3 runed translucent doors, Gelon's ghost, journeyman TeAE
Shoals:3 5 transporters


Innate Abilities, Weirdness & Mutations

You are dopey. (Int -2)
You occasionally shout uncontrollably at your foes.


Message History

* * * LOW HITPOINT WARNING * * *
The green draconian monk kicks you!
* * * LOW HITPOINT WARNING * * *
The green draconian monk tail-slaps you!
* * * LOW HITPOINT WARNING * * *
The green draconian monk closely misses you.
You feel you are being watched by something.
Something closely misses you. You block something's attack.
Something closely misses you. The storm dragon misses you.
The storm dragon claws you but does no damage.
You block the storm dragon's attack. The storm dragon bites you!
* * * LOW HITPOINT WARNING * * *
The storm dragon claws you but does no damage.
The storm dragon tramples you but does no damage.
The quicksilver dragon barely misses you.
The quicksilver dragon closely misses you.
The tentacled monstrosity tentacle-slaps you but does no damage.
The tentacled monstrosity misses you.
The tentacled monstrosity tentacle-slaps you but does no damage.
The tentacled monstrosity constricts you.
The curse toe gestures.
You feel you are being watched by something.
Something hits you.
* * * LOW HITPOINT WARNING * * *
You feel clumsy. Something hits you but does no damage.
Something stings you but does no damage.
You block the storm dragon's attack.
The storm dragon claws you but does no damage.
The storm dragon tramples you but does no damage.
The green draconian monk hits you!!
* * * LOW HITPOINT WARNING * * *
The green draconian monk kicks you but does no damage.
The green draconian monk tail-slaps you but does no damage. x2
The yellow draconian hits you but does no damage.
The storm dragon completely misses you. The storm dragon misses you.
The storm dragon tramples you.
* * * LOW HITPOINT WARNING * * *
You are held in place!
The quicksilver dragon bites you!
You die...

.............#...#.
..............##...#.
..............#...).
#....#.....#........
#..d.......#........
#.°........#....<...
#f.z.......#........
#.D.q......#..#...#.
#.D@f......#......#.
#.XdD.........##..#.
#..d....#...........
#.f.....###.........
#........###........
#.........##.##.#...
#..#........#.....###
...###.#...#........##
### ##.##............


You could see a tentacled monstrosity, a green draconian monk (berserk), 2 storm
dragons, a yellow draconian, 2 draconians, a curse toe, a quicksilver dragon
(berserk) and 3 wandering mushrooms.

Vanquished Creatures
  A dread lich (Vaults:4)
  3 ancient liches (Vaults:4)
  Sojobo (Depths:3)
  Boris (thrice) (Vaults:4 Depths:3)
  3 curse toes (Zot:1)
  Bai Suzhen (Snake:3)
  Margery (Vaults:4)
  Nikola (Shoals:1)
  Vashnia (Snake:4)
  4 caustic shrikes (Depths:4)
  The ghost of Foasmeck the Peltast, a veteran MiFi of Qazlal (Vaults:4)
  6 golden dragons
  A bone dragon (Depths:4)
  An electric golem (Zot:2)
  A walking crystal tome (Depths:3)
  The ghost of Wyasic the Imperceptible, a veteran SpEn of Dithmenos (Vaults:3)
  4 liches (Vaults:4)
  14 tentacled monstrosities
  2 deep elf blademasters (Elf:3)
  2 deep elf master archers (Elf:3)
  A walking divine tome (Depths:3)
  3 quicksilver dragons
  A walking frostbound tome (Depths:3)
  Frances (Shoals:1)
  6 death cobs
  4 titans
  Polyphemus (Shoals:3)
  4 sphinxes
  6 shadow dragons
  4 nagarajas (Snake:4)
  The ghost of Corhaoqi the Fencer, an adept MiGl of Makhleb (Shoals:3)
  Agnes (Snake:1)
  9 storm dragons
  7 tengu reavers
  Kirke (Snake:1)
  Ilsuiw (Shoals:3)
  3 draconian monks
  10 frost giants
  3 iron dragons
  A draconian knight (Zot:2)
  11 fire giants
  14 vault wardens
  The ghost of seandewar5 the Brawler, a journeyman TrBe of Trog (Orc:1)
  2 cacodemons (Vaults:3)
  4 ghost moths
  2 draconian scorchers
  5 orc warlords
  6 deep elf elementalists
  A balrug (Gauntlet)
  Aizul (Shoals:1)
  3 draconian shifters
  6 deep elf sorcerers
  14 ironbound preservers
  16 stone giants
  A war gargoyle (Vaults:4)
  2 draconian stormcallers (Zot:2)
  25 very ugly things
  3 spriggan defenders
  3 draconian annihilators
  4 green draconians
  8 deep elf demonologists
  5 ironbound thunderhulks
  7 black draconians
  11 white draconians
  A minotaur (Gauntlet)
  3 red draconians
  5 deep elf annihilators (Elf:3)
  A vampire knight (Depths:3)
  5 purple draconians
  7 dire elephants
  5 merfolk javelineers
  Snorg (Orc:1)
  5 yellow draconians
  11 merfolk impalers
  9 deep elf death magi
  6 fire dragons
  Josephine (Lair:6)
  5 deep elf high priests
  10 yaktaur captains
  15 ettins
  A rakshasa (Depths:1)
  6 great orbs of eyes
  35 vault guards
  Fannar (D:10)
  4 ice dragons
  14 naga warriors
  5 boulder beetles
  5 spriggan air magi
  Harold (Orc:1)
  10 hydras
  4 merfolk aquamancers
  2 catoblepae
  6 ogre magi
  4 merfolk avatars
  5 centaur warriors
  7 ironbound frosthearts
  3 salamander tyrants (Snake:4)
  2 death knights
  2 alligator snapping turtles (Shoals:4)
  22 two-headed ogres
  2 satyrs
  5 tengu warriors
  12 anacondas
  2 deep troll shamans (Depths:1)
  32 dancing weapons
  3 deep troll earth magi
  3 vampire magi
  Urug (Orc:2)
  21 naga sharpshooters
  6 spriggan berserkers
  23 spriggans
  2 shock serpents
  Nergalle (D:10)
  2 orc high priests
  4 death yaks
  20 hell knights
  18 deep elf knights
  A sixfirhy (Gauntlet)
  4 iron trolls
  A goliath frog (shapeshifter) (Vaults:3)
  A skeletal warrior (D:15)
  A flayed ghost (Depths:4)
  8 sea snakes
  3 spriggan druids (Depths:2)
  4 salamander mystics
  9 naga ritualists
  49 deep trolls
  A glowing orange brain (shapeshifter) (Elf:1)
  3 glowing orange brains (Vaults:3)
  15 ironbound convokers
  6 phantasmal warriors
  A sphinx zombie (Vaults:3)
  18 deep elf archers
  A steelbarb worm (shapeshifter) (Vaults:2)
  9 wizards
  32 deep elf zephyrmancers
  22 lindwurms
  30 harpies
  13 orc knights
  43 deep elf pyromancers
  6 necromancers
  43 ugly things
  4 orc sorcerers
  A wolf spider (Vaults:4)
  17 manticores
  16 mana vipers
  A faun (Shoals:3)
  5 cyclopes
  A manticore (shapeshifter) (Depths:4)
  2 oklob plants (Lair:1)
  A faun (shapeshifter) (Vaults:4)
  A sphinx skeleton (Vaults:2)
  13 salamanders
  17 elephants
  18 moths of wrath
  An elephant (shapeshifter) (Depths:3)
  10 merfolk sirens
  19 vault sentinels
  A rust devil (Depths:2)
  An eye of devastation (shapeshifter) (Elf:2)
  6 guardian serpents
  A stone giant skeleton (Vaults:2)
  A torpor snail (Lair:4)
  6 water nymphs
  44 black mambas
  13 naga magi
  A yaktaur zombie (Vaults:3)
  2 rime drakes (Lair:3)
  13 cane toads
  A gargoyle (D:12)
  2 unseen horrors
  A komodo dragon (shapeshifter) (D:14)
  23 yaktaurs
  3 freezing wraiths
  11 komodo dragons
  Psyche (D:10)
  2 demonic crawlers (D:14)
  2 ice devils (Lair:1)
  6 tengu conjurers
  The ghost of UristMcRaven the Magician, a novice DEEE (D:6)
  24 merfolk
  14 wind drakes
  A troll (shapeshifter) (Vaults:3)
  6 trolls
  8 hornets
  A queen bee (D:6)
  7 dream sheep
  A wind drake (shapeshifter) (D:15)
  9 blink frogs
  A human skeleton (Vaults:3)
  8 snapping turtles
  3 polar bears (Lair:6)
  46 slime creatures
  A stone giant simulacrum (Vaults:3)
  An ettin skeleton (Vaults:2)
  A ynoxinul (Depths:2)
  3 air elementals
  14 water elementals
  3 shadows
  4 wyverns
  7 wraiths
  51 yaks
  A fire bat (shapeshifter) (Elf:1)
  3 vampires
  4 fire elementals
  A human (shapeshifter) (Vaults:3)
  5 hogs (Snake:1)
  5 basilisks
  11 vampire mosquitoes
  A steam dragon (D:9)
  A neqoxec (Gauntlet)
  3 chaos spawn
  Edmund (D:5)
  3 wargs
  A swamp worm (shapeshifter) (Vaults:3)
  37 nagas
  An acid dragon (shapeshifter) (Vaults:5)
  17 water moccasins
  2 hell hounds (Gauntlet)
  2 acid dragons
  35 orc warriors
  A sky beast (D:6)
  4 black bears
  A black bear (shapeshifter) (D:15)
  15 wolves
  2 ice beasts
  31 ogres
  5 boggarts (D:14)
  A boggart (shapeshifter) (Vaults:3)
  11 centaurs
  A phantom (D:4)
  18 bullfrogs
  A bullfrog (shapeshifter) (Vaults:3)
  2 earth elementals
  5 gnoll sergeants
  14 scorpions
  2 lindwurm simulacra (IceCv)
  22 killer bees
  7 electric eels
  A howler monkey (shapeshifter) (Vaults:3)
  7 howler monkeys
  7 centaur zombies (Ossuary)
  6 hounds
  3 komodo dragon simulacra (IceCv)
  6 jellies
  A jelly (shapeshifter) (Vaults:3)
  2 human zombies
  20 orc priests
  4 gnoll shamans
  A hound (shapeshifter) (Elf:2)
  3 iguanas
  Jessica (D:2)
  22 orc wizards
  4 hell rats (Lair:5)
  A scorpion zombie (Ossuary)
  3 mummies (Ossuary)
  An acid dragon simulacrum (IceCv)
  8 adders
  40 gnolls
  An adder (shapeshifter) (Vaults:3)
  A river rat (D:5)
  2 white imps
  2 ufetubi (Gauntlet)
  2 worms (D:2)
  7 dart slugs
  54 orcs
  An orc (shapeshifter) (Vaults:3)
  9 ball pythons
  8 endoplasms
  2 giant cockroaches
  5 goblins
  12 hobgoblins
  8 jackals
  8 quokkas
  13 bats
  4 frilled lizards
  2 gnoll zombies (Ossuary)
  A goblin zombie (Ossuary)
  A hobgoblin zombie (Ossuary)
  8 kobolds
  3 kobold zombies (Ossuary)
  2 orc zombies (Ossuary)
  7 rats
  2 rat zombies (D:5)
  3 bushes (Depths:2)
2054 creatures vanquished.

Vanquished Creatures (collateral kills)
  A golden dragon (Vaults:5)
  A tentacled monstrosity (Vaults:5)
  A merfolk javelineer (Shoals:4)
  A vault guard (Vaults:5)
  A satyr (Shoals:4)
  A merfolk avatar (Shoals:4)
  A freezing wraith (D:14)
  A tengu conjurer (D:14)
  A snapping turtle (Shoals:4)
  A basilisk (D:14)
10 creatures vanquished.

Vanquished Creatures (others)
  A draconian knight (Zot:1)
  A draconian stormcaller (Zot:1)
  A lorocyproca (Depths:2)
  A deep elf annihilator (Elf:3)
  A merfolk aquamancer (Shoals:3)
  A deep elf knight (Elf:2)
  2 deep elf archers (Elf:2)
  A deep elf pyromancer (Elf:2)
  A manticore (D:14)
  A wind drake (Shoals:3)
  A water elemental (Elf:2)
  A human (Snake:1)
  A floating eye (Elf:2)
  2 orc warriors (Vaults:5)
  A bullfrog (D:9)
  An orc wizard (Vaults:5)
  83 bushes (Depths:2)
  5 demonic plants (Gauntlet)
  21 fungi
  173 plants
  A withered plant (Gauntlet)
301 creatures vanquished.

Grand Total: 2365 creatures vanquished

Notes
Turn   | Place    | Note
-------+----------+-------------------------------------------
     0 | D:1      | Ijustatesigmund the Hill Orc Fighter began the quest for
                  | the Orb.
     0 | D:1      | Reached XP level 1. HP: 19/19 MP: 1/1
    43 | D:1      | You fall into a shaft and drop 1 floor!
   126 | D:1      | Reached XP level 2. HP: 20/26 MP: 2/2
   407 | D:1      | Reached XP level 3. HP: 31/31 MP: 3/3
   422 | D:1      | Found a faded altar of an unknown god.
   754 | D:2      | Noticed Jessica
   778 | D:2      | Killed Jessica
   779 | D:2      | Reached skill level 5 in Axes
   779 | D:2      | Reached XP level 4. HP: 26/39 MP: 4/4
  1287 | D:2      | Reached XP level 5. HP: 45/45 MP: 5/5
  2019 | D:3      | Found Dadik's Book Emporium.
  2196 | D:3      | Identified a scroll of acquirement
  2196 | D:3      | Acquired a manual of Armour
  2684 | D:3      | Reached XP level 6. HP: 51/52 MP: 6/6
  3139 | D:4      | Reached skill level 5 in Armour
  3139 | D:4      | Reached XP level 7. HP: 49/60 MP: 7/7
  3232 | D:4      | Reached skill level 5 in Fighting
  3640 | D:5      | Entered Level 5 of the Dungeon
  3656 | D:5      | Reached XP level 8. HP: 69/70 MP: 8/8
  3671 | D:5      | Noticed a yak
  3672 | D:5      | Noticed a yak
  3679 | D:5      | Killed a yak
  3714 | D:5      | Killed a yak
  3715 | D:5      | Reached skill level 10 in Axes
  3766 | D:5      | Found a sand-covered staircase.
  3773 | Ossuary  | Entered an ossuary
  4018 | Ossuary  | Reached XP level 9. HP: 79/79 MP: 9/9
  4216 | Ossuary  | Reached skill level 10 in Armour
  4673 | D:5      | Found a staircase to the Ecumenical Temple.
  4769 | D:5      | Noticed Edmund
  4780 | D:5      | Killed Edmund
  4984 | D:5      | Upgraded the game from 0.29-a0-218-gf2abdc9806 to
                  | 0.29-a0-221-gceb61267dd
  6388 | D:6      | Reached XP level 10. HP: 85/91 MP: 10/10
  6484 | D:6      | Reached skill level 5 in Shields
  6588 | D:6      | Noticed UristMcRaven's ghost (novice DEEE)
  6615 | D:6      | Found a transporter.
  6803 | D:6      | Found Use Meor's Book Emporium.
  6815 | D:6      | Found a transporter.
  7087 | D:6      | Found a shadowy altar of Dithmenos.
  7088 | D:6      | Found a snail-covered altar of Cheibriados.
  7095 | D:6      | Became a worshipper of Cheibriados the Contemplative
  7211 | D:7      | Reached skill level 1 in Invocations
  8020 | D:8      | Found Wasenoov's Antique Armour Shop.
  8079 | D:8      | Found Pibydacesm's Magic Scroll Emporium.
  8084 | D:8      | Identified the +1 cloak of Eternal Vigilance {rPois Regen+
                  | Stlth+}
  8101 | D:8      | Bought a scroll of fog for 28 gold pieces
  8101 | D:8      | Bought a scroll of identify for 28 gold pieces
  8101 | D:8      | Bought a scroll of brand weapon for 280 gold pieces
  8171 | D:8      | Found Igoiliv's Magic Scroll Shoppe.
  8342 | D:8      | Reached * piety under Cheibriados
  8738 | D:9      | Reached skill level 10 in Fighting
  8805 | D:9      | Reached skill level 1 in Dodging
  9262 | D:9      | Found a staircase to the Lair.
  9446 | D:9      | Reached ** piety under Cheibriados
  9451 | D:9      | Reached XP level 11. HP: 88/101 MP: 14/14
  9500 | D:9      | Reached skill level 5 in Invocations
  9747 | D:10     | Entered Level 10 of the Dungeon
  9778 | D:10     | Noticed a two-headed ogre
  9781 | D:10     | Reached *** piety under Cheibriados
  9785 | D:10     | Noticed Fannar
  9794 | D:10     | Killed a two-headed ogre
 10073 | D:6      | Killed UristMcRaven's ghost
 10337 | D:10     | Noticed a two-headed ogre
 10343 | D:10     | Killed a two-headed ogre
 10430 | D:10     | Killed Fannar
 10614 | D:10     | Noticed Psyche
 10628 | D:10     | Killed Psyche
 10661 | D:10     | Found Viojacew's Neck Hole.
 10801 | D:10     | Noticed Nergalle
 10815 | D:10     | Killed Nergalle
 11092 | D:11     | Reached **** piety under Cheibriados
 11169 | D:11     | Reached XP level 12. HP: 86/110 MP: 17/17
 11503 | D:11     | Noticed a boulder beetle
 11518 | D:11     | Killed a boulder beetle
 11758 | D:12     | Noticed a two-headed ogre
 11770 | D:12     | Killed a two-headed ogre
 11914 | D:12     | Reached skill level 15 in Armour
 11938 | D:12     | Noticed a seven-headed hydra
 11944 | D:12     | Killed an eight-headed hydra
 11972 | D:12     | Found a staircase to the Orcish Mines.
 12089 | D:11     | Reached skill level 5 in Dodging
 12209 | Lair:1   | Entered Level 1 of the Lair of Beasts
 12259 | Lair:1   | Found a frozen archway.
 12343 | IceCv    | Entered an ice cave
 12349 | IceCv    | Reached ***** piety under Cheibriados
 12752 | Lair:1   | Reached skill level 15 in Axes
 13010 | Lair:1   | Found a blossoming altar of Fedhas.
 13020 | Lair:1   | Reached XP level 13. HP: 106/119 MP: 20/20
 14156 | D:12     | Reached skill level 10 in Invocations
 14156 | D:12     | Reached skill level 1 in Evocations
 14672 | D:13     | Identified the +2 leather armour of Jafrueh {rF+}
 14824 | D:13     | Reached skill level 2 in Evocations
 15530 | Lair:2   | Found a staircase to the Shoals.
 15606 | Lair:2   | Reached ****** piety under Cheibriados
 15843 | Lair:2   | Reached skill level 3 in Evocations
 16590 | Lair:3   | Found a runed translucent gate.
 16590 | Lair:3   | Found a runed translucent gate.
 16590 | Lair:3   | Found a runed translucent gate.
 16590 | Lair:3   | Noticed a great orb of eyes
 16591 | Lair:3   | Found a viscous altar of Jiyva.
 16591 | Lair:3   | Noticed Gelon's ghost (journeyman TeAE)
 16625 | Lair:3   | Found a staircase to the Snake Pit.
 16760 | Lair:3   | Reached skill level 4 in Evocations
 17254 | Lair:4   | Reached XP level 14. HP: 109/132 MP: 22/22
 17423 | Lair:4   | Reached skill level 5 in Evocations
 18395 | Lair:5   | Reached skill level 6 in Evocations
 18800 | Lair:6   | Entered Level 6 of the Lair of Beasts
 18879 | Lair:6   | Identified the +7 trident "Nuulaek" {distort, rC+ rN+
                  | Will+}
 18892 | Lair:6   | Reached skill level 15 in Fighting
 19135 | Lair:6   | Reached skill level 7 in Evocations
 19153 | Lair:6   | Found a staircase to the Slime Pits.
 19311 | Lair:6   | Reached XP level 15. HP: 141/141 MP: 25/25
 19319 | Lair:6   | Learned a level 1 spell: Apportation
 19466 | Lair:6   | Noticed Josephine
 19477 | Lair:6   | Killed Josephine
 19922 | Lair:1   | Reached XP level 16. HP: 150/150 MP: 26/26
 20171 | D:14     | Found a gate leading to a gauntlet.
 20175 | Gauntlet | Entered a Gauntlet
 20175 | Gauntlet | Found a transporter.
 20175 | Gauntlet | Found a transporter.
 20208 | Gauntlet | Found a transporter.
 20229 | Gauntlet | Found a transporter.
 20231 | Gauntlet | Found a large runed translucent door.
 20232 | Gauntlet | Found a large runed translucent door.
 20233 | Gauntlet | Found a large runed translucent door.
 20233 | Gauntlet | Found a large runed translucent door.
 20233 | Gauntlet | Found a runed translucent door.
 20233 | Gauntlet | Found a runed translucent door.
 20234 | Gauntlet | Found a large runed translucent door.
 20235 | Gauntlet | Found a large runed translucent door.
 20236 | Gauntlet | Found a large runed translucent door.
 20236 | Gauntlet | Found a large runed translucent door.
 20237 | Gauntlet | Found a runed translucent gate.
 20237 | Gauntlet | Found a runed translucent gate.
 20237 | Gauntlet | Found a runed translucent gate.
 20239 | Gauntlet | Found a transporter.
 20242 | Gauntlet | Found a transporter.
 20257 | Gauntlet | Found a transporter.
 20272 | Gauntlet | Found a transporter.
 20276 | Gauntlet | Found a transporter.
 20279 | Gauntlet | Found a transporter.
 20284 | Gauntlet | Found a large runed translucent door.
 20284 | Gauntlet | Found a large runed translucent door.
 20285 | Gauntlet | Found a large runed translucent door.
 20286 | Gauntlet | Found a large runed translucent door.
 20287 | Gauntlet | Found a large runed translucent door.
 20287 | Gauntlet | Found a large runed translucent door.
 20287 | Gauntlet | Found a transporter.
 20288 | Gauntlet | Found a large runed translucent door.
 20289 | Gauntlet | Found a large runed translucent door.
 20290 | Gauntlet | Found a transporter.
 20467 | Gauntlet | Identified the +0 cloak "Veohurphe" {Harm Str-4 Int+3
                  | Stlth+}
 20468 | Gauntlet | Identified the +0 helmet "Pycaissa" {Drain rF++ Str+4}
 20551 | Gauntlet | Identified the +0 leather armour of Defence {Str+4}
 20551 | Gauntlet | Identified the +1 robe "Sakh" {Int+4}
 20677 | D:14     | Found a white marble altar of Elyvilon.
 20791 | D:14     | Found a gate to the Vaults.
 21232 | Orc:1    | Entered Level 1 of the Orcish Mines
 21232 | Orc:1    | Found a runed translucent door.
 21235 | Orc:2    | Entered Level 2 of the Orcish Mines
 21235 | Orc:2    | Found Figoamepp's Weapon Shop.
 21253 | Orc:1    | Noticed seandewar5's ghost (journeyman TrBe)
 21297 | Orc:1    | Killed seandewar5's ghost
 21483 | Orc:1    | Noticed Snorg
 21495 | Orc:1    | Killed Snorg
 21615 | Orc:1    | Found a roughly hewn altar of Beogh.
 21707 | Orc:1    | Noticed Harold
 21713 | Orc:1    | Killed Harold
 21968 | Orc:1    | Found a bloodstained altar of Trog.
 22164 | Orc:2    | Noticed Urug
 22172 | Orc:2    | Killed Urug
 22241 | Orc:1    | Found Itoimamm's Distillery.
 22249 | Orc:1    | Bought a potion of berserk rage for 70 gold pieces
 22249 | Orc:1    | Bought a potion of heal wounds for 70 gold pieces
 22249 | Orc:1    | Bought a potion of heal wounds for 70 gold pieces
 22655 | Orc:2    | Found a staircase to the Elven Halls.
 22674 | Orc:2    | Reached skill level 15 in Invocations
 22721 | Orc:2    | Reached XP level 17. HP: 130/160 MP: 28/28
 22976 | Orc:2    | Found Riluppee's Weapon Boutique.
 22976 | Orc:2    | Found Loynletz's General Store.
 22976 | Orc:2    | Found Ronn's Distillery.
 22976 | Orc:2    | Found Enokhlyna's Antique Weapon Shop.
 22989 | Orc:2    | Bought a potion of berserk rage for 65 gold pieces
 22989 | Orc:2    | Bought a potion of mutation for 104 gold pieces
 22990 | Orc:2    | Bought a crude broad axe for 216 gold pieces
 22990 | Orc:2    | Identified the +10 broad axe of Fogaet {freeze, Will+ SInv}
                  | (You bought it in a shop on level 2 of the Orcish Mines)
 22992 | Orc:2    | Bought a +4 ring of protection for 432 gold pieces
 22992 | Orc:2    | Bought a +2 helmet of intelligence for 258 gold pieces
 23851 | D:15     | Entered Level 15 of the Dungeon
 24005 | D:15     | Reached skill level 5 in Translocations
 24567 | D:15     | Found a staircase to the Depths.
 24895 | Depths:1 | Entered Level 1 of the Depths
 25335 | Depths:1 | Found Husewnuk's Jewellery Shop.
 25592 | Depths:1 | Found Gojer's Weapon Shoppe.
 25888 | Depths:1 | Reached skill level 10 in Shields
 26012 | Depths:1 | Found Onetomes's Jewellery Emporium.
 26012 | Depths:1 | Found Muuddec's Assorted Antiques.
 26013 | Depths:1 | Found Sodeniur's Antique Armour Shoppe.
 26015 | Depths:1 | Found Foukiwn's Distillery.
 26020 | Depths:1 | Reached XP level 18. HP: 168/170 MP: 30/30
 26040 | Depths:1 | Bought an amulet of regeneration for 660 gold pieces
 26087 | Depths:1 | Found Coboadul's Jewellery Shoppe.
 26092 | Depths:1 | Found Huolid's General Store.
 26103 | Depths:1 | Bought the +0 pair of boots "Gilubbyvuu" {rPois Str+3
                  | Slay+2} for 425 gold pieces
 26127 | Depths:1 | Found Zuman's Assorted Antiques.
 26217 | Depths:1 | Identified the +5 halberd "Migief" {protect, Dex+7}
 26474 | Depths:1 | Found an ornate altar of the Wu Jian Council.
 26500 | Depths:1 | Found a gateway to Hell.
 26795 | Snake:1  | Entered Level 1 of the Snake Pit
 26875 | Snake:1  | Noticed Kirke
 26884 | Snake:1  | Killed Kirke
 27080 | Snake:1  | Noticed Agnes
 27086 | Snake:1  | Killed Agnes
 27487 | Snake:2  | Found Ulosegg's Weapon Boutique.
 27711 | Snake:2  | Found an ancient bone altar of Kikubaaqudgha.
 27750 | Snake:2  | Found Cifem's Antique Armour Emporium.
 28375 | Snake:3  | Noticed Bai Suzhen
 28392 | Snake:3  | Killed Bai Suzhen
 28483 | Snake:4  | Entered Level 4 of the Snake Pit
 28487 | Snake:4  | Noticed Vashnia
 28726 | Snake:3  | Reached XP level 19. HP: 172/177 MP: 33/33
 29142 | Snake:4  | Found Monek's Jewellery Shop.
 29142 | Snake:4  | Found Nonekhlet's Assorted Antiques.
 29142 | Snake:4  | Found Ihoakoec's Antique Armour Shop.
 29150 | Snake:4  | Found Rynwah's Magic Scroll Shop.
 29152 | Snake:4  | Bought a glowing tower shield for 277 gold pieces
 30160 | Snake:4  | Reached skill level 8 in Evocations
 30302 | Snake:4  | Got a serpentine rune of Zot
 30362 | Snake:4  | Reached skill level 9 in Evocations
 30413 | Snake:4  | Killed Vashnia
 30847 | Shoals:1 | Entered Level 1 of the Shoals
 31102 | Vaults:1 | Entered Level 1 of the Vaults
 31419 | Vaults:1 | Reached skill level 10 in Evocations
 32484 | Vaults:2 | Reached XP level 20. HP: 191/191 MP: 34/34
 32509 | Vaults:2 | Reached skill level 11 in Evocations
 32765 | Vaults:2 | Found a staircase to the Crypt.
 32765 | Vaults:2 | Found an ancient bone altar of Kikubaaqudgha.
 32766 | Vaults:2 | Found a basalt altar of Yredelemnul.
 33237 | Vaults:2 | Reached skill level 12 in Evocations
 33909 | Vaults:3 | Found Pyxacack's Armour Shoppe.
 34210 | Vaults:3 | Found a runed translucent gate.
 34210 | Vaults:3 | Found a runed translucent gate.
 34221 | Vaults:3 | Found a runed translucent gate.
 34241 | Vaults:3 | Reached skill level 13 in Evocations
 34276 | Vaults:3 | Found a runed translucent gate.
 34276 | Vaults:3 | Found a runed translucent gate.
 34284 | Vaults:3 | Found a runed translucent gate.
 34290 | Vaults:3 | Noticed Wyasic's ghost (veteran SpEn)
 34442 | Vaults:3 | Killed Wyasic's ghost
 34465 | Vaults:3 | Identified the +0 hat "Vutuvug" {Harm rN+ Str+3 Stlth-}
 34962 | Vaults:3 | Reached XP level 21. HP: 179/204 MP: 35/35
 35014 | Vaults:3 | Paralysed by a sphinx for 5 turns
 35198 | Vaults:3 | Reached skill level 14 in Evocations
 35448 | Vaults:3 | Found the +8 whip "Snakebite" {venom, curare, rPois}
 35834 | Vaults:4 | Found a runed translucent gate.
 35834 | Vaults:4 | Found a runed translucent gate.
 35834 | Vaults:4 | Found an ancient bone altar of Kikubaaqudgha.
 35834 | Vaults:4 | Noticed an ancient lich
 35834 | Vaults:4 | Noticed Foasmeck's ghost (veteran MiFi)
 35841 | Vaults:4 | Noticed Boris
 35855 | Vaults:4 | Killed Boris
 35862 | Vaults:4 | Found a runed translucent gate.
 35883 | Vaults:4 | Noticed a dread lich
 35944 | Vaults:4 | Noticed Margery
 35966 | Vaults:4 | Killed Margery
 37107 | Elf:1    | Entered Level 1 of the Elven Halls
 37166 | Elf:2    | Reached skill level 15 in Evocations
 37527 | Elf:1    | Paralysed by an air elemental for 1 turns
 37530 | Elf:1    | Paralysed by an air elemental for 1 turns
 37758 | Elf:1    | Reached skill level 10 in Dodging
 37878 | Elf:1    | Reached XP level 22. HP: 213/213 MP: 36/36
 37944 | Elf:1    | Got the Incunabulum of Confrontation
 38323 | Elf:2    | Paralysed by a floating eye for 2 turns
 38627 | Elf:2    | Paralysed by an air elemental for 1 turns
 38721 | Elf:2    | Reached skill level 16 in Evocations
 38923 | Elf:2    | Found a runed translucent gate.
 38924 | Elf:2    | Found a runed translucent gate.
 38924 | Elf:2    | Found a runed translucent gate.
 39478 | Elf:3    | Entered Level 3 of the Elven Halls
 39960 | Elf:3    | Identified the +9 scimitar of Modesty {speed, Will+}
 39962 | Elf:3    | Identified the +7 falchion "Ybbimoi" {vorpal, Contam rPois
                  | rCorr Stlth+}
 40097 | Elf:3    | Found the +3 sling "Punk" {acid, rCorr}
 40105 | Elf:3    | Found the +2 shield of Resistance {rF++ rC++ Will++}
 40108 | Elf:3    | Identified the +1 plate armour of Slovenliness {*Slow rF+
                  | Will+ Int+4}
 40153 | Elf:3    | Got the Compendium of the Volcanoes and Stones
 40168 | Elf:3    | Got the Almanac of Transmigration and Earth
 40688 | Shoals:1 | Noticed Frances
 40725 | Shoals:1 | Killed Frances
 40834 | Shoals:1 | Noticed Aizul
 40839 | Shoals:1 | Reached XP level 23. HP: 210/211 MP: 37/37
 40864 | Shoals:1 | Killed Aizul
 41088 | Shoals:1 | Noticed Nikola
 41109 | Shoals:1 | Killed Nikola
 41289 | Shoals:1 | You fall into a shaft and drop 1 floor!
 41536 | Shoals:2 | Found Oqaiggac's Book Shop.
 41884 | Shoals:3 | Noticed Polyphemus
 41913 | Shoals:3 | Killed Polyphemus
 41935 | Shoals:3 | Found a transporter.
 41940 | Shoals:3 | Found a transporter.
 42234 | Shoals:3 | Found a runed translucent gate.
 42234 | Shoals:3 | Found a runed translucent gate.
 42234 | Shoals:3 | Found a runed translucent gate.
 42235 | Shoals:3 | Noticed Corhaoqi's ghost (adept MiGl)
 42237 | Shoals:3 | Upgraded the game from 0.29-a0-221-gceb61267dd to
                  | 0.29-a0-231-g945431f764
 42254 | Shoals:3 | Gained mutation: You occasionally shout uncontrollably at
                  | your foes. [mutagenic glow]
 42265 | Shoals:3 | Killed Corhaoqi's ghost
 42270 | Shoals:3 | Gained mutation: You are dopey. (Int -2) [mutagenic glow]
 42420 | Shoals:3 | Identified the +4 pair of gloves of Fuwerous {+Blink Dex+4}
 42621 | Shoals:3 | Found a transporter.
 42621 | Shoals:3 | Found a transporter.
 42628 | Shoals:3 | Noticed Ilsuiw
 42633 | Shoals:3 | Found a transporter.
 42633 | Shoals:3 | Found a transporter.
 42644 | Shoals:3 | Killed Ilsuiw
 42645 | Shoals:3 | Reached skill level 15 in Shields
 42733 | Shoals:4 | Entered Level 4 of the Shoals
 43174 | Shoals:4 | Got a barnacled rune of Zot
 44376 | Depths:2 | Found a one-way gateway to a ziggurat.
 45230 | Depths:2 | Found a one-way gate leading to the halls of Pandemonium.
 45375 | Depths:3 | Found a flickering gateway to a bazaar.
 45381 | Bazaar   | Entered a bazaar
 45382 | Bazaar   | Found Ciet's Magic Scroll Boutique.
 45382 | Bazaar   | Found Gick's Book Shop.
 45383 | Bazaar   | Found Urchipup's Antique Weapon Emporium.
 45414 | Bazaar   | Found Yviyghak's Armour Emporium.
 45435 | Bazaar   | Bought a scroll of teleportation for 51 gold pieces
 45435 | Bazaar   | Bought a scroll of fog for 34 gold pieces
 45435 | Bazaar   | Bought a scroll of blinking for 127 gold pieces
 45435 | Bazaar   | Bought a scroll of holy word for 127 gold pieces
 45480 | Depths:3 | Found a corrupted altar of Lugonu.
 45493 | Depths:3 | Found a one-way gate to the infinite horrors of the Abyss.
 45495 | Depths:3 | Noticed Sojobo
 45509 | Depths:3 | Paralysed by an air elemental for 1 turns
 45517 | Depths:3 | Killed Sojobo
 45518 | Depths:3 | Reached skill level 17 in Evocations
 45570 | Depths:3 | Found a shimmering altar of Xom.
 45615 | Depths:3 | Reached XP level 24. HP: 230/231 MP: 37/37
 45718 | Depths:3 | Found Doyhotha's Book Shoppe.
 45718 | Depths:3 | Found Zuap's Jewellery Boutique.
 45719 | Depths:3 | Found Jijithra's Book Shoppe.
 45756 | Depths:3 | Paralysed by something for 7 turns
 46144 | Depths:3 | Paralysed by a great orb of eyes for 7 turns
 46151 | Depths:3 | HP: 11/232 [living spell/divine providence[a walking divine
                  | tome] (12)]
 46250 | Depths:3 | Identified the ring of Gidd {rN+ Dex+2}
 46250 | Depths:3 | Noticed Boris
 46265 | Depths:3 | Killed Boris
 46501 | Depths:3 | Identified the +9 plate armour of the Land of Plenty
                  | {rElec}
 46576 | Depths:4 | Entered Level 4 of the Depths
 46885 | Depths:4 | Reached skill level 18 in Evocations
 47024 | Depths:4 | Noticed a caustic shrike
 47039 | Depths:4 | Killed a caustic shrike
 47039 | Depths:4 | Noticed a caustic shrike
 47040 | Depths:4 | Noticed a caustic shrike
 47040 | Depths:4 | Noticed a caustic shrike
 47049 | Depths:4 | Killed a caustic shrike
 47049 | Depths:4 | Killed a caustic shrike
 47057 | Depths:4 | Killed a caustic shrike
 47416 | Depths:4 | Found a portal to a secret trove of treasure.
 47714 | Depths:4 | Found a gate to the Realm of Zot.
 48039 | Vaults:5 | Entered Level 5 of the Vaults
 48043 | Vaults:5 | Noticed an ancient lich
 48073 | Vaults:4 | Reached skill level 19 in Evocations
 48236 | Vaults:4 | Killed an ancient lich
 48336 | Vaults:5 | Noticed an ancient lich
 48345 | Vaults:5 | Noticed Boris
 48353 | Vaults:4 | Reached skill level 20 in Evocations
 48353 | Vaults:4 | Reached XP level 25. HP: 238/238 MP: 37/37
 48401 | Vaults:4 | Killed an ancient lich
 48407 | Vaults:4 | Killed a dread lich
 48423 | Vaults:4 | Killed Foasmeck's ghost
 48442 | Vaults:4 | Identified the ring "Qawen" {Fly Dex+6 Slay+3}
 48555 | Vaults:4 | Killed an ancient lich
 48596 | Vaults:4 | Reached skill level 21 in Evocations
 48666 | Vaults:5 | Identified the +5 great sword "Hill Orc's Regret" {freeze,
                  | Str+2}
 48698 | Vaults:4 | Killed Boris
 49054 | Vaults:5 | Reached skill level 22 in Evocations
 49069 | Vaults:5 | Identified the +10 hand crossbow "Enie" {elec, rElec Int+3
                  | Stlth+}
 49445 | Vaults:5 | Identified the +7 plate armour of the Boiling Point {Dex+6
                  | Slay+3 Stlth+}
 49464 | Vaults:5 | Identified the ring "Doagg" {Int+6 Dex+3}
 49657 | Vaults:5 | Identified the +6 whip of the Tundras {venom, Will+ Int+2}
 49665 | Vaults:5 | Got a silver rune of Zot
 50353 | Zot:1    | Entered Level 1 of the Realm of Zot
 50470 | Zot:1    | Reached skill level 23 in Evocations
 51055 | Zot:1    | Reached XP level 26. HP: 152/247 MP: 37/37
 51860 | Zot:2    | Reached skill level 24 in Evocations
 52506 | Zot:2    | Reached skill level 25 in Evocations
 52506 | Zot:2    | HP: 11/247 [green draconian monk (21)]
 52506 | Zot:2    | Slain by a quicksilver dragon

Illustrated notes

Levels and vault maps discovered:
D:1:      dpeg_arrival_rhombi, layout_rooms, basic_ecumenical_altar,
          chequers_serial_rivers_large_a, minmay_pentomino_u4
D:2:      layout_basic, serial_bayou, serial_bayou_crossing,
          serial_bayou_lake_a, serial_bayou_pond_d, serial_bayou_pond_a,
          serial_bayou_pond_a, uniq_jessica
D:3:      layout_basic, serial_shops, shop, minivault_25
D:4:      layout_basic, hangedman_decor_push
D:5:      layout_loops_ring, minmay_temple_entry_overgrown, enter_ossuary_4,
          portal_sewer_entry_b, grunt_decor_clamped, minmay_manual_monstrance,
          uniq_edmund
D:6:      layout_cave_pools, amethyst_overflow_temple_binary,
          gammafunk_ghost_hive, serial_gnoll_camp, gnoll_camp_medium_02,
          gnoll_camp_mini_house, gnoll_camp_mini_loothouse,
          gnoll_camp_mini_basic, gnoll_camp_mini_hut, gnoll_camp_mini_shop
D:7:      layout_loops_ring, small_statue_intersection
D:8:      layout_basic, serial_shops, shop, shop, nicolae_lakefront_shop
D:9:      argonaut_augean_stables, layout_loops_ring, lair_entry_dummy,
          hangedman_abyss_or_decor_clamps, kennysheep_diamond
D:10:     cheibrodos_helix_gallery, layout_loops_ring, dk_vineyard_1,
          nicolae_shop_sticking_my_neck_out, uniq_nergalle, uniq_fannar,
          uniq_psyche
D:11:     layout_roguey
D:12:     layout_basic, orc_0_dummy, roderic_batcave, chequers_big_river
D:13:     layout_grid_maze
D:14:     layout_gridville, david_vaults_5, gauntlet_entry_generic,
          elyvilon_altar_5, st_stairs_3, einodemon_crawler_minivault
D:15:     grunt_enter_depths_snipers, layout_cave_pools, minivault_25_ag,
          serial_bayou_lagoon_a
Lair:1:   layout_layer_cave, portal_ice_cave_demonic_guard,
          hangedman_tree_tricks, beast_lair_carwin_2
Lair:2:   layout_hall_layers, minmay_shoals_entry_beasts,
          chequers_serial_rivers_small_a, chequers_serial_rivers_small_b,
          disabler_island
Lair:3:   layout_chaotic_city, minmay_snake_entry_guardpost_medium,
          gammafunk_ghost_ooze, fungi_pond_lemuel, lemuel_fruit_tree,
          infiniplex_staircase_pool_2
Lair:4:   layout_regular_city, serial_bayou_pond_e, minmay_holes,
          grunt_megastairs_1
Lair:5:   layout_regular_city, grunt_megastairs_5
Lair:6:   gammafunk_lair_ancient_temple, layout_regular_city,
          nicolae_slime_entry_slimehenge, infiniplex_staircase_pool,
          uniq_josephine
Shoals:1: layout_shoals, uniq_aizul, uniq_nikola, uniq_frances
Shoals:2: layout_shoals, serial_shops, nicolae_lakefront_shop
Shoals:3: layout_shoals, gammafunk_ghost_tricky_traps, serial_nicolae_subway,
          nicolae_sub_station_metal, nicolae_sub_station_crystal,
          nicolae_sub_station_stone, uniq_ilsuiw, uniq_polyphemus
Shoals:4: shoals_end_grunt_ice, layout_shoals, shoal_ilsuiw
Snake:1:  layout_concentric_octagons, uniq_agnes, uniq_kirke
Snake:2:  layout_gridlike, serial_shops, nicolae_shop_trees, basic_altar,
          serial_bayou_shore_b, minmay_shop_star
Snake:3:  layout_cave_town, nicolae_snake_coiling_death, uniq_bai_suzhen
Snake:4:  grunt_snake_rune_serpentine_throne, layout_chambers,
          minmay_shop_grid_forest, uniq_vashnia
Orc:1:    orc_temple, layout_caves, serial_shops, nicolae_shop_window_shopping,
          hellmonk_ghost_happy_afterlife, trog_butcher_becter, uniq_snorg,
          uniq_harold
Orc:2:    st_orc_ogre_mass, layout_caves, serial_shops, shop, library_closet,
          uniq_urug
Elf:1:    layout_onion_city, minmay_elf_annihilation, nicolae_elf_stone_circles
Elf:2:    nicolae_elf_blades_crystal_corner, layout_onion_city,
          onia_ninara_cookie
Elf:3:    elf_hall, layout_rooms
Vaults:1: ontoclasm_vaults_ring_small, ontoclasm_vaults_ring_square,
          ontoclasm_vaults_hangar, hangedman_vaults_nails, vaults_mumra_hexcomb,
          vaults_room_stairs_pillars, nicolae_vaults_yaktaur_gun_rack,
          ontoclasm_vaults_decontamination, ontoclasm_vaults_shuriken,
          layout_vaults_omnigrid
Vaults:2: nicolae_vaults_fighting_squares, v_misc_9, v_alt_pattern_5, v_misc_2,
          vaults_room_fours, v_misc_33, v_misc_14, vaults_room_corners,
          layout_vaults_chaotic_city, minmay_crypt_entry_necro_gods,
          serial_glass
Vaults:3: ploomutoo_gammafunk_ghost_potion_laboratory, vaults_dpeg_diagonal,
          vaults_mumra_chevron_long, st_greater_box_2, vaults_room_boxed,
          nicolae_vaults_ninety_degrees, ontoclasm_vaults_ligature,
          vaults_room_semicircle, hangedman_vaults_maws,
          vaults_dpeg_encased_lava, ontoclasm_vaults_gateway,
          layout_vaults_omnibox, serial_shops, nicolae_shop_hallway_stairs
Vaults:4: gammafunk_ghost_crypt, v_misc_25, nicolae_vaults_inception_scallops,
          grunt_vaults_focal, nicolae_vaults_shelves_hall, vaults_dpeg_spiral,
          ontoclasm_vaults_tryst, grunt_vaults_bifocal,
          nicolae_vaults_big_angled_halls, v_misc_1, v_misc_30,
          hangedman_vaults_slice, vaults_dpeg_ring, hangedman_vaults_capsules,
          layout_vaults_omnicross, uniq_boris, uniq_margery
Vaults:5: serial_shops
Depths:1: layout_honeycomb, nicolae_figureground_pulse, serial_shops,
          shop_fountains, nicolae_shop_stone, nicolae_shop_behind_doors,
          shop_fountains, shop, hell_entry, grunt_ministairs_3,
          grunt_decor_fettered, minivault_1, minmay_misc_feat_four_crosses,
          nicolae_wu_jian_immortal_techniques, minmay_shoptagon
Depths:2: minmay_spriggan_fort, layout_basic, enter_ziggurat_b,
          rand_demon_pan_entry_1, chequers_serial_rivers_marsh, hell_entry,
          firewood_loft
Depths:3: kennysheep_bubble_arena, layout_cave_pools, serial_shops,
          bzr_entry_safe, abyss_entry_flame_altar, lemuel_round_altar,
          pan_entry, hell_entry, chequers_serial_rivers_room_a,
          minmay_shop_grove, infiniplex_staircase_pillars_1, uniq_sojobo
Depths:4: grunt_twist_and_shout, layout_cave_shapes, grunt_hell_entry_dis_mu,
          enter_trove_3, minmay_tree_intersection
Zot:1:    layout_basic, hangedman_player_shredder
Zot:2:    layout_onion_interference, zot_minivault_2

Skill      XL: |  1  2  3  4  5  6  7  8  9 10 11 12 13 14 15 16 17 18 19 20 21 22 23 24 25 26 |
---------------+-------------------------------------------------------------------------------+-----
Axes           | 3 4 5 6 7 8 9 10 11 13 14 15 16 17 18 19 20 | 20.8
Fighting       | 4 5 7 9 10 11 12 14 15 16 17 19 21 22 | 22.2
Armour         | 5 6 9 11 12 14 15 16 17 | 17.5
Shields        | 4 5 7 10 13 14 15 | 15.3
Invocations    | 4 7 9 11 13 14 15 17 20 21 | 21.7
Dodging        | 2 4 5 6 7 10 11 12 13 | 13.4
Evocations     | 4 7 10 13 15 16 17 20 23 25 | 25.0
Translocations | 2 4 5 8 9 |  9.9

Action                   |  1- 3 |  4- 6 |  7- 9 | 10-12 | 13-15 | 16-18 | 19-21 | 22-24 | 25-27 || total
-------------------------+-------+-------+-------+-------+-------+-------+-------+-------+-------++-------
Melee: War axe           |    93 |   163 |   339 |   628 |   540 |   430 |       |       |       ||  2193
       Flail             |       |       |       |     4 |    85 |       |       |       |       ||    89
       Morningstar       |       |       |       |       |       |     3 |       |       |       ||     3
       Broad axe         |       |       |       |       |       |   617 |  1099 |  1893 |   664 ||  4273
Throw: Throwing net      |       |       |       |     2 |       |       |       |       |       ||     2
       Boomerang         |       |       |       |       |       |       |     1 |     2 |       ||     3
       Javelin           |       |       |       |       |       |       |       |       |     3 ||     3
 Cast: Apportation       |       |       |       |       |       |       |     6 |       |       ||     6
Invok: Bend Time         |       |       |       |     1 |     1 |     1 |     2 |       |       ||     5
       Slouch            |       |       |       |       |     2 |     4 |     6 |    11 |     1 ||    24
       Step From Time    |       |       |       |       |       |     1 |     1 |     2 |       ||     4
 Abil: Evoke Blink       |       |       |       |       |       |       |       |     1 |       ||     1
Evoke: Wand              |       |       |     1 |     5 |    10 |     9 |    12 |    35 |     4 ||    76
       Condenser vane    |       |       |       |       |       |       |       |       |     1 ||     1
  Use: Scroll            |     4 |     7 |    10 |    10 |     7 |     8 |     7 |    10 |     5 ||    68
       Potion            |       |       |     2 |     3 |     2 |     6 |    11 |     8 |     3 ||    35
 Stab: Held in net/web   |       |       |       |     1 |       |       |       |       |       ||     1
       Petrified         |       |       |       |       |       |     8 |       |       |       ||     8
       Invisible         |       |       |       |       |       |     1 |     5 |       |       ||     6
       Distracted        |       |       |       |       |       |     1 |       |     1 |       ||     2
       Petrifying        |       |       |       |       |       |     1 |       |       |       ||     1
       Confused          |       |       |       |       |       |       |       |       |     5 ||     5
Armor: Scale mail        |    41 |       |       |       |       |       |       |       |       ||    41
       Chain mail        |    34 |    86 |   184 |       |       |       |       |       |       ||   304
       Plate armour      |       |       |    77 |   450 |   439 |   453 |   511 |   837 |   439 ||  3206
Dodge: Dodged            |    40 |    58 |   132 |   265 |   442 |   511 |   372 |   962 |   722 ||  3504
Block: Buckler           |    23 |    31 |    80 |   150 |   249 |   148 |       |       |       ||   681
       Tower shield      |       |       |       |       |       |   512 |  1288 |  2562 |   483 ||  4845
       Kite shield       |       |       |       |       |       |       |       |       |   461 ||   461

Table legend: (Time is in decaauts)
 A = Elapsed time spent in this place.
 B = Non-inter-level travel time spent in this place.
 C = Inter-level travel time spent in this place.
 D = Time resting spent in this place.
 E = Time spent auto-exploring this place.
 F = Levels seen in this place.
 G = Mean time per level.
                   A        B        C        D        E       F      G
               +--------+--------+--------+--------+--------+-----+--------+
         Total |  81940 |  71812 |  10128 |   4563 |  51237 |  49 | 1672.2 |
       Dungeon |  23659 |  18118 |   5541 |   1645 |  13065 |  15 | 1577.3 |
          Lair |  10545 |   9350 |   1195 |    251 |   7767 |   6 | 1757.5 |
        Shoals |   5574 |   5382 |    192 |    170 |   3599 |   4 | 1393.5 |
     Snake Pit |   6829 |   6554 |    275 |    357 |   4976 |   4 | 1707.2 |
  Orcish Mines |   3282 |   2991 |    291 |    104 |   2173 |   2 | 1641.0 |
   Elven Halls |   5817 |   5614 |    203 |     45 |   3609 |   3 | 1939.0 |
        Vaults |  13845 |  12086 |   1759 |    975 |   8605 |   5 | 2769.0 |
        Depths |   7611 |   7000 |    611 |    594 |   4675 |   4 | 1902.8 |
           Zot |   3246 |   3188 |     58 |    198 |   2306 |   2 | 1623.0 |
        Bazaar |    119 |    119 |      0 |      0 |     74 |   1 |  119.0 |
       Ossuary |    617 |    617 |      0 |    129 |    313 |   1 |  617.0 |
      Ice Cave |     72 |     72 |      0 |     16 |      0 |   1 |   72.0 |
      Gauntlet |    720 |    720 |      0 |     77 |     74 |   1 |  720.0 |
               +--------+--------+--------+--------+--------+-----+--------+

Top non-repeatable levels by time:
Vaults:4: 3269 daAuts
Vaults:3: 3162 daAuts
Vaults:1: 2894 daAuts
  Lair:1: 2691 daAuts
 Snake:4: 2672 daAuts
Vaults:2: 2545 daAuts
     D:9: 2464 daAuts
   Zot:1: 2341 daAuts
   Elf:2: 2327 daAuts
    D:12: 2278 daAuts
    D:13: 2255 daAuts
     D:6: 2187 daAuts
Depths:1: 2133 daAuts
Depths:3: 2103 daAuts
    D:15: 2013 daAuts
